 Dungeon Crawl Stone Soup version 0.20.0-7-g3b7b877 (webtiles) character file.

104 mopl the Grave Robber (level 4, 0/18 HPs)
             Began as a Felid Necromancer on May 29, 2017.
             Succumbed to a worker ant's poison
             ... on level 4 of the Dungeon.
             The game lasted 00:07:18 (3860 turns).

mopl the Grave Robber (Felid Necromancer)           Turns: 3860, Time: 00:07:19

Health: 0/18       AC:  1    Str:  4    XL:     4   Next: 52%
Magic:  1/10       EV: 18    Int: 17    God:
Gold:   145        SH:  0    Dex: 20    Spells: 1/9 levels left
                                        Lives:  0   Deaths: 1

rFire    . . .     SeeInvis +   (weapon unavailable)
rCold    . . .     Gourm    .   (shield unavailable)
rNeg     . . .     Faith    .   (armour unavailable)
rPois    .         Spirit   .   (helmet unavailable)
rElec    .         Reflect  .   (cloak unavailable)
rCorr    .         Harm     .   (gloves unavailable)
MR       .....                  (boots unavailable)
Stlth    +++.......             (no amulet)
Regen    0.1/turn               l - +3 ring of dexterity
MPRegen  0.2/turn               (no ring)

@: lethally poisoned (0 -> -6), berserk cooldown, flying, very slightly
contaminated, slowed, slow
A: no armour, no weapons or thrown items, stealth, claws 1, fangs 3, see
invisible, carnivore 3, speed 1, shaggy fur 1, slow metabolism 1, sharp paws
a: no special abilities


You were on level 4 of the Dungeon.
You were not hungry.

You visited 1 branch of the dungeon, and saw 4 of its levels.

You collected 145 gold pieces.

Inventory:

Jewellery
 l - a +3 ring of dexterity (left paw)
Scrolls
 d - a scroll of fear
 e - 2 scrolls of remove curse
 h - a scroll of random uselessness {unknown}
 i - a scroll of noise {unknown}
 j - a scroll of enchant armour {unknown}
 k - a scroll of recharging {unknown}
 n - 2 scrolls of teleportation {unknown}
 p - a scroll of magic mapping {unknown}
 r - a scroll of enchant weapon {unknown}
Potions
 c - 2 potions of invisibility
 f - 3 potions of flight
 g - a potion of degeneration {unknown}
 o - a potion of resistance
 s - a potion of haste {unknown}
 t - a potion of berserk rage {!q}
 u - a potion of mutation {unknown}
 v - a potion of curing {unknown}
Books
 a - a book of Necromancy

   Spells                             Type                      Level
   a - Pain                           Necromancy                   1
   b - Animate Skeleton               Necromancy                   1
   c - Vampiric Draining              Necromancy                   3
   d - Regeneration                   Charms/Necromancy            3
   e - Animate Dead                   Necromancy                   4
   f - Control Undead                 Necromancy                   4
Comestibles
 b - 2 meat rations


   Skills:
 - Level 2.6 Dodging
 - Level 2.6 Stealth
 + Level 3.3 Spellcasting
 * Level 5.9 Necromancy


You had one spell level left.
You knew the following spells:

 Your Spells              Type           Power        Failure   Level  Hunger
a - Pain                  Necr           ###.         1%          1    None
b - Vampiric Draining     Necr           ###.......   4%          3    ###....
r - Regeneration          Chrm/Necr      ##........   14%         3    ###....
x - Animate Skeleton      Necr           N/A          1%          1    None


Dungeon Overview and Level Annotations

Branches:
Dungeon (4/15)
 Temple: D:4-7

Altars:
Ashenzari
Gozag
Xom

Annotations:
D:3 Natasha; Purgy; vatarom's ghost, amateur DsGl
D:4 Edmund


Innate Abilities, Weirdness & Mutations

You cannot wear armour.
You are incapable of wielding weapons or throwing items.
Your paws allow you to move quietly. (Stealth)
You have sharp claws.
You have razor-sharp teeth.
You have supernaturally acute eyesight. (SInv)
You are carnivorous and can eat meat at any time.
You cover ground quickly.
You are covered in fur. (AC +1)
You have a slow metabolism.
Your sharp claws are effective at attacking unaware monsters.


Message History

Press: ? - help, Shift-Dir - straight line, f/p - worker ant
Aim: a worker ant (severely wounded, berserk, fast, unusually strong, incited by Gozag, chance to defeat MR: 87%)
The worker ant writhes in agony!
You kill the worker ant!
* * * LOW HITPOINT WARNING * * *
You feel sick.
Unknown command.
Gozag petitions for your drink to fail.
It was a potion of berserk rage.
A red film seems to cover your vision as you go berserk!
You feel yourself moving faster!
You feel mighty!
* * * LOW HITPOINT WARNING * * *
You feel sick.
You feel a strong urge to attack something.
You see here a worker ant corpse.
You feel your anger subside.
You are no longer berserk.
You are exhausted.
You feel yourself slow down.
You die...

#..# #..# #..## #...
#..# #..##
###############...#
#..........†..@...#
..#.#####.#.######..#
..# #.#.# #..#
....a.....#.# #..#
..#.#######.# #..#
.>. #.######..# #.#
#.........# #.#
############.#
#.######............#


There were no monsters in sight!

Vanquished Creatures
  Jessica (D:2)
  Natasha (D:3)
  A worker ant (D:4)
  5 adders
  2 worms (D:2)
  A dart slug (D:1)
  2 leopard geckos
  3 orcs
  8 bats
  3 giant cockroaches
  2 goblins
  7 hobgoblins
  A quokka (D:2)
  6 frilled lizards
  7 kobolds
  13 rats
63 creatures vanquished.

Vanquished Creatures (collateral kills)
  A goblin (D:2)
1 creature vanquished.

Grand Total: 64 creatures vanquished

Notes
Turn   | Place    | Note
-------+----------+-------------------------------------------
     0 | D:1      | mopl the Felid Necromancer began the quest for the Orb.
     0 | D:1      | Reached XP level 1. HP: 7/7 MP: 4/4
     5 | D:1      | Learned a level 1 spell: Animate Skeleton
   619 | D:1      | Reached XP level 2. HP: 9/11 MP: 3/6
  1827 | D:2      | Reached XP level 3. HP: 10/14 MP: 2/7
  1835 | D:1      | Learned a level 3 spell: Vampiric Draining
  2266 | D:2      | Found a shimmering altar of Xom.
  2268 | D:2      | Found a shattered altar of Ashenzari.
  2327 | D:2      | Reached skill level 5 in Necromancy
  2407 | D:1      | Reached XP level 4. HP: 11/18 MP: 2/9
  2552 | D:2      | Found a faded altar of an unknown god.
  2563 | D:2      | Noticed Jessica
  2666 | D:2      | Killed Jessica
  2666 | D:2      | Reached skill level 3 in Spellcasting
  3213 | D:3      | Learned a level 3 spell: Regeneration
  3289 | D:3      | Noticed Natasha
  3297 | D:3      | Noticed Purgy
  3297 | D:3      | Killed Natasha
  3297 | D:3      | Reached XP level 5. HP: 14/21 MP: 0/10
  3317 | D:3      | Noticed Natasha
  3490 | D:3      | Noticed vatarom's ghost (amateur DsGl)
  3709 | D:2      | Became a worshipper of Gozag Ym Sagoz the Greedy
  3721 | D:3      | Fell from the grace of Gozag
  3820 | D:4      | Noticed Edmund
  3826 | D:4      | Slain by a howler monkey
  3827 | D:4      | Reached XP level 4. HP: -4/18 MP: 9/9
  3856 | D:4      | HP: 1/27 [poisoned by a worker ant]
  3860 | D:4      | Succumbed to a worker ant's poison

Skill      XL: |  1  2  3  4 |
---------------+-------------+-----
Necromancy     | 5 |  5.9
Spellcasting   | 3 |  3.3
Dodging        | |  2.6
Stealth        | |  2.6

Action                   |  1- 3 |  4- 6 || total
-------------------------+-------+-------++-------
Melee: Unarmed           |    26 |    12 ||    38
       Bite              |       |     1 ||     1
 Cast: Pain              |    55 |    40 ||    95
       Animate Skeleton  |    12 |     2 ||    14
       Vampiric Draining |       |     6 ||     6
Invok: Renounce Religion |       |     1 ||     1
  Use: Potion            |       |     2 ||     2
       Scroll            |       |     4 ||     4
 Stab: Sleeping          |     6 |     1 ||     7
  Eat: Chunk             |    11 |     2 ||    13
Armor: Skin              |     4 |     4 ||     8
Dodge: Dodged            |    28 |    35 ||    63
